 Dungeon Crawl Stone Soup version 0.30-a0-40-gc6d0f036a7 (webtiles) character file.

Game seed: 95694308259389312

246 ytrimaz the Insei (level 6, 0/38 HPs)
             Began as an Octopode Transmuter on Aug 29, 2022.
             Killed by miscasting Ice Form (11 damage)
             ... in a sewer.
             The game lasted 00:02:57 (3508 turns).

ytrimaz the Insei (Octopode Transmuter)             Turns: 3508, Time: 00:02:57

Health: 0/38       AC:  1    Str: 13    XL:     6   Next: 11%
Magic:  6/10       EV: 17    Int: 16    God:
Gold:   144        SH:  0    Dex: 12    Spells: 0/10 levels left

rFire   . . .      SeeInvis .      - Unarmed
rCold   . . .      Faith    .    (no shield)
rNeg    . . .      Spirit   .    (helmet currently unavailable)
rPois   .          Reflect  .    (no amulet)
rElec   +          Harm     .    b - +4 ring of evasion
rCorr   .          Rampage  .    (no ring)
Will    .....                    (no ring)
Stlth   ++........               (no ring)
HPRegen 0.12/turn                (no ring)
MPRegen 0.12/turn                (no ring)
                                 (no ring)
                                 (no ring)

@: brilliant, lethally poisoned (0 -> -4), appendages, very slightly
contaminated
A: tentacle spike 3, almost no armour, amphibious, 8 rings, camouflage 1,
gelatinous body 1, (nimble swimmer 1), tentacles, electricity resistance, strong
1, noise suppression
a: End Transformation


You were in a sewer.
One of your tentacles had grown a beastly spike.
You visited 1 branch of the dungeon, and saw 4 of its levels.
You also visited: Sewer.

You collected 144 gold pieces.

Inventory:

Jewellery
 b - a +4 ring of evasion (left tentacle)
Scrolls
 g - a scroll of amnesia
 i - a scroll of enchant armour
Potions
 a - a potion of might
 c - a potion of cancellation
 e - 2 potions of mutation


   Skills:
 - Level 1.0 Fighting
 - Level 2.0 Dodging
 - Level 5.0 Unarmed Combat
 + Level 2.7 Spellcasting
 + Level 2.8 Transmutations
 * Level 3.3 Poison Magic


You couldn't memorise any spells.
You knew the following spells:

 Your Spells              Type           Power      Damage    Failure   Level
a - Beastly Appendage     Tmut           34%        N/A       6%          1
b - Wereblood             Tmut           17%        N/A       9%          2
c - Spider Form           Tmut/Pois      18%        N/A       16%         3
d - Ice Form              Ice/Tmut       10%        N/A       71%         4

Your spell library contained the following spells:

 Spells                   Type           Power      Damage    Failure   Level
 Shock                    Conj/Air       12%        1d3       19%         1
 Blink                    Tloc           6%         N/A       28%         2
 Swiftness                Air            3%         N/A       50%         3
 Airstrike                Air            1%         2d(1-17)  88%         4
 Anguish                  Hex/Necr       1%         N/A       88%         4
 Summon Ice Beast         Ice/Summ       3%         N/A       88%         4
 Manifold Assault         Tloc           3%         N/A       99%         5
 Summon Mana Viper        Hex/Summ       3%         N/A       99%         5
 Dispersal                Tloc           1%         N/A       100%        6
 Enfeeble                 Hex            1%         N/A       100%        7
 Monstrous Menagerie      Summ           1%         N/A       100%        7
 Storm Form               Tmut/Air       5%         N/A       100%        7
 Disjunction              Tloc           1%         N/A       100%        8


Dungeon Overview and Level Annotations

Branches:
Dungeon (4/15)              Sewer (1/1)
 Temple: D:4-7

Altars:
Dithmenos
Kikubaaqudgha
Makhleb
Nemelex Xobeh
Ru
Vehumet
Wu Jian


Innate Abilities, Weirdness & Mutations

One of your tentacles has grown a beastly spike.
You cannot wear most types of armour.
You are amphibious.
You can wear up to eight rings at the same time.
Your skin changes colour to match your surroundings (Stealth+).
Your rubbery body absorbs attacks. (AC +1, EV +1)
((You are camouflaged when in or above water. (Stealth+)))
You have tentacles for arms and can constrict up to eight enemies at once.
You are resistant to electric shocks. (rElec)
Your muscles are strong. (Str +4, Int/Dex -1)
You passively dampen the noise of your surroundings.


Message History

You are more poisoned.
The adder poisons you! The adder closely misses you.
Your unstable footing causes you to fumble your attack.
You feel very sick. The adder closely misses you.
Your unstable footing causes you to fumble your attack.
You feel very sick. The adder barely misses you.
Your unstable footing causes you to fumble your attack.
You feel very sick. The adder misses you.
You are too injured to fight recklessly!
You barely miss the adder.
Your transformation is almost over.
You feel sick. The adder completely misses you.
You are too injured to fight recklessly!
The adder attacks as you move away! The adder misses you.
You feel very sick. The adder barely misses you.
The adder completely misses you.
It was a potion of brilliance.
You feel clever all of a sudden.
You feel sick. The adder completely misses you.
Casting: Spider Form (quite dangerous; 34% risk of failure)
Confirm with . or Enter, or press ? or * to list all spells.
The spell is astonishingly dangerous to miscast (87% risk of failure)!
Continue anyway?
Okay, then.
Casting: Ice Form (astonishingly dangerous; 87% risk of failure)
Confirm with . or Enter, or press ? or * to list all spells.
You feel a surge of power!
Your transformation has ended.
One of your tentacles grows a vicious spike.
You feel sick. The adder barely misses you.
Unknown command.
Casting: Beastly Appendage (safe; 6% risk of failure)
Confirm with . or Enter, or press ? or * to list all spells.
The spell is astonishingly dangerous to miscast (71% risk of failure)!
Continue anyway?
You feel a surge of power!
You miscast Ice Form.
You are very lightly contaminated with residual magic.
You are caught in an explosion of ice and frost!
You die...

#~##...≈≈≈#
#~##.###### ..
#~#..~~~~~# ##~##
#~#..###### ~~~~.
#~#....≈≈≈#
##~...#~#.∩.≈≈≈≈#
..~..~#~#.∩.≈≈≈≈#
.~.~..#S#...≈≈≈##
~~~~~~P@P..≈≈≈##
....~......≈≈≈#
P####......####
########


You could see an adder.

Vanquished Creatures
  An ogre (D:3)
  4 gnolls (D:3)
  5 adders
  2 worms
  2 dart slugs (D:3)
  6 orcs (D:3)
  5 endoplasms
  6 giant cockroaches
  5 goblins
  9 hobgoblins
  A quokka (D:2)
  8 ball pythons
  8 bats
  A frilled lizard (Sewer)
  3 kobolds
  3 rats
69 creatures vanquished.

Vanquished Creatures (others)
  3 plants (Sewer)
3 creatures vanquished.

Grand Total: 72 creatures vanquished

Notes
Turn   | Place    | Note
-------+----------+-------------------------------------------
     0 | D:1      | ytrimaz the Octopode Transmuter began the quest for the
                  | Orb.
     0 | D:1      | Reached XP level 1. HP: 13/13 MP: 3/3
   492 | D:1      | Reached XP level 2. HP: 16/18 MP: 3/5
  1244 | D:1      | Reached skill level 4 in Unarmed Combat
  1465 | D:1      | Gained mutation: You are resistant to electric shocks.
                  | (rElec) [potion of mutation]
  1465 | D:1      | Gained mutation: You passively dampen the noise of your
                  | surroundings. [potion of mutation]
  1465 | D:1      | Gained mutation: Your muscles are strong. (Str +4, Int/Dex
                  | -1) [potion of mutation]
  1509 | D:2      | Reached XP level 3. HP: 21/23 MP: 4/6
  1874 | D:2      | Reached XP level 4. HP: 20/28 MP: 5/7
  2048 | D:2      | Reached skill level 5 in Unarmed Combat
  2170 | D:2      | Learned a level 2 spell: Wereblood
  2174 | D:2      | Learned a level 3 spell: Spider Form
  2235 | D:3      | Found an ancient bone altar of Kikubaaqudgha.
  2345 | D:3      | Reached skill level 1 in Poison Magic
  2354 | D:3      | Reached XP level 5. HP: 30/33 MP: 5/8
  2459 | D:3      | Noticed an ogre
  2464 | D:3      | Killed an ogre
  2841 | D:3      | Found an ornate altar of the Wu Jian Council.
  2963 | D:3      | Reached XP level 6. HP: 38/38 MP: 9/9
  2998 | D:3      | Found a shadowy altar of Dithmenos.
  3064 | D:3      | Learned a level 4 spell: Ice Form
  3200 | D:3      | Found a sacrificial altar of Ru.
  3201 | D:3      | Found a radiant altar of Vehumet.
  3205 | D:3      | Found a burning altar of Makhleb.
  3434 | D:4      | Found a sparkling altar of Nemelex Xobeh.
  3450 | D:4      | Found a glowing drain.
  3463 | Sewer    | Entered a sewer
  3508 | Sewer    | Killed by miscasting Ice Form

Illustrated notes

Levels and vault maps discovered:
D:1:      elethiomel_arrival_maze, layout_loops_ring, grunt_decor_one_mirror
D:2:      layout_rooms
D:3:      layout_loops_ring, mainiacjoe_overflow_surrounded_room,
          nicolae_wu_jian_wuxing_cycle, minitemple
D:4:      old_forge, layout_basic, mainiacjoe_overflow_small_starburst,
          portal_sewer_entry_b, nicolae_eternal_life
Sewer:    sewer_co_scattered_pipes

Skill      XL: |  1  2  3  4  5 |
---------------+----------------+-----
Unarmed Combat | 4 5 |  5.0
Poison Magic   | 1 3 |  3.3
Fighting       | |  1.0
Dodging        | |  2.0
Spellcasting   | |  2.7
Transmutations | |  2.8

Action                   |  1- 3 |  4- 6 || total
-------------------------+-------+-------++-------
Melee: Unarmed           |    54 |    90 ||   144
       Constrict         |    15 |    11 ||    26
       Kick              |     6 |     8 ||    14
       Tentacles         |    12 |     8 ||    20
 Cast: Beastly Appendage |    18 |     9 ||    27
       Spider Form       |       |     8 ||     8
       Wereblood         |       |     1 ||     1
  Use: Scroll            |     6 |     3 ||     9
       Potion            |     1 |     2 ||     3
 Stab: Sleeping          |     7 |     7 ||    14
Armor: Skin              |     6 |     7 ||    13
Dodge: Dodged            |    31 |    74 ||   105

Table legend: (Time is in decaauts)
 A = Elapsed time spent in this place.
 B = Non-inter-level travel time spent in this place.
 C = Inter-level travel time spent in this place.
 D = Time resting spent in this place.
 E = Time spent auto-exploring this place.
 F = Levels seen in this place.
 G = Mean time per level.
                   A        B        C        D        E       F      G
               +--------+--------+--------+--------+--------+-----+--------+
         Total |   3495 |   3408 |     87 |    134 |   2727 |   5 |  699.0 |
       Dungeon |   3451 |   3364 |     87 |    134 |   2714 |   4 |  862.8 |
         Sewer |     44 |     44 |      0 |      0 |     13 |   1 |   44.0 |
               +--------+--------+--------+--------+--------+-----+--------+

Top non-repeatable levels by time:
     D:1: 1479 daAuts
     D:3: 1199 daAuts
     D:2: 707 daAuts
     D:4: 64 daAuts
   Sewer: 44 daAuts
